 Dungeon Crawl Stone Soup version 0.26.1-11-gd32895ea62 (webtiles) character file.

Game seed: 14604476362939522818

34945 hawla the Geomancer (level 13, -1/105 HPs)
             Began as a Yellow Draconian Conjurer on June 26, 2021.
             Was a High Priest of Vehumet.
             Shot with an arrow by a centaur (12 damage)
             ... on level 15 of the Dungeon on June 28, 2021.
             The game lasted 01:05:40 (24176 turns).

hawla the Geomancer (Yellow Draconian Conjurer)    Turns: 24176, Time: 01:05:41

Health: -1/105     AC: 13    Str: 11    XL:     13   Next: 44%
Magic:  17/25      EV: 14    Int: 22    God:    Vehumet [*****.]
Gold:   252        SH:  0    Dex: 10    Spells: 17/28 levels left

rFire    . . .     SeeInvis +   A - staff of conjuration
rCold    + + .     Faith    .   (no shield)
rNeg     . . .     Spirit   .   (armour unavailable)
rPois    .         Reflect  .   (helmet restricted)
rElec    .         Harm     .   j - +2 cloak
rCorr    +         Rampage  .   (no gloves)
Will     .....                  x - +1 pair of boots
Stlth    +++.......             (no amulet)
HPRegen  0.27/turn              t - ring of see invisible
MPRegen  0.19/turn              y - ring of protection from cold

@: no status effects
A: spit acid, unfitting armour, horns 1, cold resistance 1, cold-blooded, acid
resistance, AC +8
a: Breathe Acid, Renounce Religion


You were on level 15 of the Dungeon.
You worshipped Vehumet.
Vehumet was extremely pleased with you.
You visited 2 branches of the dungeon, and saw 16 of its levels.

You collected 747 gold pieces.
You spent 495 gold pieces at shops.

Inventory:

Hand Weapons
 d - a +6 quarterstaff of chaos
Missiles
 g - 43 boomerangs
 h - 50 poisoned darts (quivered)
 z - 6 javelins
Armour
 j - a +2 cloak (worn)
 x - a +1 pair of boots (worn)
Magical Staves
 m - an uncursed staff of fire
 A - an uncursed staff of conjuration (weapon)
Jewellery
 t - a ring of see invisible (left hand)
 y - a ring of protection from cold (right hand)
 E - a +6 ring of strength
Wands
 e - a wand of acid (20)
 f - a wand of flame (42)
 s - a wand of random effects (52)
 w - a wand of disintegration (11)
 B - a wand of iceblast (5)
 C - a wand of paralysis (16)
 H - a wand of polymorph (7)
Scrolls
 b - 7 scrolls of identify
 c - 5 scrolls of remove curse
 l - a scroll of teleportation
 q - a scroll of fear
 r - 2 scrolls of magic mapping
 K - a scroll of holy word {unknown}
Potions
 a - 5 potions of flight
 i - 3 potions of haste
 n - a potion of brilliance
 o - 3 potions of cancellation
 u - a potion of attraction
 F - a potion of might


   Skills:
 - Level 7.0 Fighting
 + Level 10.9 Staves
 - Level 1.0 Throwing
 - Level 6.2 Dodging
 - Level 5.3 Stealth
 - Level 8.1 Spellcasting
 - Level 10.2 Conjurations
 - Level 6.0 Translocations
 + Level 11.0 Earth Magic
 - Level 2.0 Evocations


You had 17 spell levels left.
You knew the following spells:

 Your Spells              Type           Power        Failure   Level
a - Magic Dart            Conj           100%         1%          1
b - Searing Ray           Conj           100%         1%          2
c - Iskenderun's Mystic   Conj/Tloc      61%          1%          4
d - Stone Arrow           Conj/Erth      100%         1%          3
e - Apportation           Tloc           70%          1%          1

Your spell library contained the following spells:

 Spells                   Type           Power        Failure   Level
 Ozocubu's Refrigeration  Ice            4%           93%         6
 Conjure Flame            Conj/Fire      47%          1%          3
 Dazzling Flash           Conj/Hex       94%          1%          3
 Mephitic Cloud           Conj/Pois/Air  35%          1%          3
 Iskenderun's Battlesphe  Conj           69%          1%          5
 Fulminant Prism          Conj/Hex       23%          2%          4
 Bolt of Magma            Conj/Fire/Erth 28%          3%          5
 Iron Shot                Conj/Erth      35%          4%          6
 Animate Skeleton         Necr           16%          8%          1
 Beastly Appendage        Tmut           16%          8%          1
 Corona                   Hex            8%           8%          1
 Pain                     Necr           32%          8%          1
 Summon Small Mammal      Summ           32%          8%          1
 Poisonous Vapours        Pois/Air       16%          11%         2
 Wereblood                Tmut           8%           11%         2
 Spider Form              Tmut/Pois      4%           22%         3
 Vampiric Draining        Necr           4%           22%         3
 Orb of Destruction       Conj           34%          24%         7
 Freezing Cloud           Conj/Ice/Air   17%          54%         6
 Animate Dead             Necr           4%           58%         4
 Ice Form                 Ice/Tmut       8%           58%         4
 Spellforged Servitor     Conj/Summ      23%          86%         7
 Agony                    Necr           8%           90%         5
 Blade Hands              Tmut           4%           90%         5


Dungeon Overview and Level Annotations

Branches:
Dungeon (15/15)            Temple (1/1) D:5            Lair (0/6) D:9
    Orc (0/2) D:10         Depths (0/5) D:15
 Vaults: D:13-14

Altars:
Ashenzari
Cheibriados
Dithmenos
Elyvilon
Fedhas
Gozag
Hepliaklqana
Kikubaaqudgha
Makhleb
Nemelex Xobeh
Okawaru
Qazlal
Ru
Sif Muna
Trog
Uskayaw
Vehumet
Wu Jian
Xom
Yredelemnul
Zin
The Shining One
Beogh

Shops:
D:7 =   D:10 :   D:13 :

Portals:
Trove: D:12 (give horn of Geryon)

Annotations:
D:15 Rupert


Innate Abilities, Weirdness & Mutations

You can spit globs of acid.
Your golden yellow scales are hard. (AC +8)
You cannot fit into any form of body armour.
You are cold-blooded and may be slowed by cold attacks.
You are resistant to acid. (rCorr)
You have a pair of small horns on your head.
Your flesh is cold resistant. (rC+)


Message History

The red ugly thing is knocked back by the mystic blast.
The mystic blast hits the purple ugly thing!
The purple ugly thing is severely wounded.
The purple ugly thing is knocked back by the mystic blast.
You hear a shout! x2
A centaur comes into view.
A sky beast comes into view.
Unknown command.
Casting: Iskenderun's Mystic Blast (mildly dangerous; 1% risk of failure)
Confirm with . or Enter, or press ? or * to list all spells.
You feel a surge of power!
You erupt in a blast of force!
The mystic blast hits the purple ugly thing!
You kill the purple ugly thing!
Vehumet accepts your kill.
You feel your power returning.
The mystic blast hits the six-headed hydra.
The six-headed hydra is moderately wounded.
The six-headed hydra is knocked back by the mystic blast.
The centaur wields a +0 shortbow.
The centaur shoots an arrow.
The arrow hits you!
You die...

#.##########
##
.c...).@.D.#
..
.)#####.##.#
#. #.# #.
#.# ####.


#uY #.$.. ... #. .u. #. ##.# #. #. You could see a six-headed hydra, 2 ugly
things, a sky beast and a centaur.

Vanquished Creatures
  Josephine (D:13)
  2 boulder beetles
  Harold (D:9)
  2 vault guards (D:14)
  3 centaur warriors
  3 two-headed ogres
  A tengu warrior (D:13)
  Urug (D:13)
  Sonja (D:10)
  An unseen horror (D:12)
  6 ugly things
  9 deep elf magi
  A manticore (D:8)
  2 cyclopes
  Maurice (D:13)
  A black mamba (shapeshifter) (D:14)
  Joseph (D:9)
  Psyche (D:8)
  2 gargoyles (D:12)
  2 kobold demonologists
  2 tengu conjurers (D:14)
  2 trolls
  Prince Ribbit (D:7)
  A vampire (D:13)
  6 wraiths
  2 wyverns
  Eustachio (D:6)
  6 yaks (D:13)
  2 steam dragons
  Menkaure (D:5)
  2 vampire mosquitoes (D:13)
  Edmund (D:5)
  An acid dragon (D:11)
  4 wargs
  A water moccasin (D:9)
  Duvessa (D:6)
  11 orc warriors
  4 phantoms
  6 ice beasts
  3 sky beasts
  11 ogres
  A black bear (D:7)
  9 centaurs
  A big kobold (D:9)
  15 bullfrogs
  2 wyvern zombies
  A water moccasin zombie (D:8)
  A gnoll sergeant (D:10)
  2 wyvern skeletons
  Dowan (D:6)
  3 scorpions
  8 killer bees
  A water moccasin skeleton (D:7)
  23 wights
  9 howler monkeys
  3 bullfrog zombies
  A quasit (D:10)
  2 centaur zombies
  7 jellies
  14 orc priests
  9 hounds
  14 orc wizards
  Crazy Yiuf (D:2)
  A gnoll shaman (D:6)
  2 centaur skeletons
  8 iguanas
  16 worker ants
  A killer bee zombie (D:6)
  A hound zombie (D:7)
  A hound skeleton (D:6)
  2 worker ant zombies (D:10)
  9 adders
  11 gnolls
  A howler monkey skeleton (D:6)
  A shadow imp (D:9)
  2 white imps
  An adder zombie (D:8)
  An adder skeleton (D:4)
  5 worms
  4 dart slugs
  7 leopard geckos
  67 orcs
  7 giant cockroaches
  7 goblins
  7 hobgoblins
  10 jackals
  10 kobolds
  6 quokkas
  A ball python (D:2)
  14 bats
  5 frilled lizards
  A jackal skeleton (D:7)
  A leopard gecko zombie (D:6)
  2 quokka skeletons
  8 rats
459 creatures vanquished.

Vanquished Creatures (collateral kills)
  An orc (D:11)
1 creature vanquished.

Vanquished Creatures (others)
  A troll (D:10)
  A bullfrog (D:12)
  6 bushes (D:13)
  16 fungi
  13 plants
37 creatures vanquished.

Grand Total: 497 creatures vanquished

Notes
Turn   | Place    | Note
-------+----------+-------------------------------------------
     0 | D:1      | hawla the Draconian Conjurer began the quest for the Orb.
     0 | D:1      | Reached XP level 1. HP: 14/14 MP: 3/3
   427 | D:1      | Reached XP level 2. HP: 22/22 MP: 1/5
   618 | D:1      | Learned a level 2 spell: Searing Ray
   758 | D:1      | Reached skill level 1 in Fighting
  1258 | D:2      | Reached skill level 1 in Translocations
  1258 | D:2      | Reached XP level 3. HP: 28/28 MP: 2/6
  1689 | D:2      | Reached XP level 4. HP: 7/35 MP: 0/8
  1694 | D:2      | Learned a level 4 spell: Iskenderun's Mystic Blast
  2073 | D:2      | Reached XP level 5. HP: 32/40 MP: 1/9
  2196 | D:2      | Found a runed translucent door.
  2197 | D:2      | Noticed Crazy Yiuf
  2740 | D:2      | Killed Crazy Yiuf
  2741 | D:2      | Reached skill level 5 in Conjurations
  2848 | D:3      | Noticed a phantom
  3535 | D:3      | Killed a phantom
  3536 | D:3      | Reached XP level 6. HP: 47/47 MP: 6/10
  4219 | D:4      | Reached skill level 1 in Staves
  4624 | D:4      | Your scales start taking on a golden yellow colour.
  4624 | D:4      | Reached XP level 7. HP: 52/52 MP: 3/12
  4624 | D:4      | Gained mutation: You are resistant to acid. (rCorr) [Yellow
                  | Draconian growth]
  5038 | D:4      | Found a shadowy altar of Dithmenos.
  5312 | D:5      | Entered Level 5 of the Dungeon
  5431 | D:5      | Found a shimmering altar of Xom.
  5569 | D:5      | Found a staircase to the Ecumenical Temple.
  5569 | D:5      | Noticed Menkaure
  5579 | D:5      | Killed Menkaure
  5714 | Temple   | Entered the Ecumenical Temple
  5815 | Temple   | Became a worshipper of Vehumet
  5888 | D:5      | Reached XP level 8. HP: 60/61 MP: 9/14
  6145 | D:5      | Noticed Edmund
  6153 | D:5      | Killed Edmund
  6753 | D:6      | Noticed Dowan
  6754 | D:6      | Noticed Duvessa
  6757 | D:6      | Killed Dowan
  6758 | D:6      | Reached skill level 1 in Earth Magic
  6853 | D:6      | Killed Duvessa
  7137 | D:6      | Noticed Eustachio
  7148 | D:6      | Reached skill level 2 in Earth Magic
  7149 | D:6      | Killed Eustachio
  7252 | D:6      | Found a hide-covered altar of Uskayaw.
  7370 | D:6      | You fall into a shaft and drop 2 floors!
  7371 | D:8      | Noticed Psyche
  7487 | D:8      | Killed Psyche
  7488 | D:8      | Reached skill level 5 in Spellcasting
  7488 | D:8      | Reached skill level 3 in Earth Magic
  7488 | D:8      | Reached XP level 9. HP: 61/68 MP: 3/16
  7628 | D:8      | Reached * piety under Vehumet
  7628 | D:8      | Offered knowledge of Foxfire by Vehumet.
  7829 | D:8      | Found an ancient bone altar of Kikubaaqudgha.
  7961 | D:8      | Found a broken altar of Ashenzari.
  8304 | D:8      | Noticed a manticore
  8314 | D:8      | Killed a manticore
  8315 | D:8      | Reached skill level 4 in Earth Magic
  8503 | D:7      | Reached skill level 5 in Staves
  9029 | D:6      | Found a hazy altar of Hepliaklqana.
  9467 | D:7      | Reached XP level 10. HP: 48/77 MP: 19/19
  9874 | D:7      | Noticed Prince Ribbit
  9884 | D:7      | Killed Prince Ribbit
  9885 | D:7      | Offered knowledge of Shock by Vehumet.
  9891 | D:7      | Reached ** piety under Vehumet
 10342 | D:7      | Reached skill level 5 in Earth Magic
 10510 | D:7      | Found Kuhom's Jewellery Emporium.
 11545 | D:9      | Noticed Joseph
 11554 | D:9      | Killed Joseph
 11965 | D:9      | Offered knowledge of Stone Arrow by Vehumet.
 12172 | D:9      | Noticed Harold
 12189 | D:9      | Killed Harold
 12190 | D:9      | Reached skill level 5 in Dodging
 12247 | D:9      | Reached *** piety under Vehumet
 12248 | D:9      | Reached skill level 6 in Earth Magic
 12413 | D:9      | Found an ornate altar of the Wu Jian Council.
 12624 | D:9      | Learned a level 3 spell: Stone Arrow
 12733 | D:9      | Found a staircase to the Lair.
 12887 | D:9      | Reached XP level 11. HP: 83/84 MP: 21/21
 13215 | D:10     | Entered Level 10 of the Dungeon
 13668 | D:10     | Noticed Sonja
 13680 | D:10     | Killed Sonja
 13680 | D:10     | Offered knowledge of Mephitic Cloud by Vehumet.
 14122 | D:10     | Noticed a two-headed ogre
 14128 | D:10     | Killed a two-headed ogre
 14210 | D:10     | Found Plog's Book Shoppe.
 14232 | D:10     | Reached skill level 5 in Stealth
 14810 | D:10     | Noticed a two-headed ogre
 14818 | D:10     | Killed a two-headed ogre
 15182 | D:10     | Found a staircase to the Orcish Mines.
 15713 | D:11     | Reached skill level 5 in Fighting
 16103 | D:11     | Reached **** piety under Vehumet
 16296 | D:11     | Offered knowledge of Hailstorm by Vehumet.
 16423 | D:11     | Noticed a purple ugly thing
 16425 | D:11     | Noticed a purple ugly thing
 16435 | D:11     | Killed a green ugly thing
 16451 | D:11     | Killed a green ugly thing
 16452 | D:11     | Reached skill level 10 in Conjurations
 17459 | D:12     | Noticed an unseen horror
 17474 | D:12     | Killed an unseen horror
 17721 | D:12     | Found a portal to a secret trove of treasure.
 17800 | D:12     | Reached XP level 12. HP: 51/94 MP: 7/24
 18356 | D:12     | Reached skill level 1 in Throwing
 18356 | D:12     | Reached skill level 5 in Translocations
 18356 | D:12     | Reached skill level 1 in Evocations
 19077 | D:13     | Noticed Josephine
 19082 | D:13     | Killed Josephine
 19639 | D:13     | Reached skill level 7 in Earth Magic
 20003 | D:13     | Reached skill level 8 in Earth Magic
 20335 | D:13     | Reached skill level 9 in Earth Magic
 20436 | D:13     | Noticed Urug
 20810 | D:13     | Killed Urug
 20815 | D:13     | Noticed Maurice
 20945 | D:13     | Killed Maurice
 20950 | D:13     | Noticed a two-headed ogre
 21047 | D:13     | Killed a two-headed ogre
 21351 | D:13     | Found Aceczaell's Book Shop.
 21366 | D:13     | Learned a level 1 spell: Apportation
 21366 | D:13     | Noticed a boulder beetle
 21577 | D:13     | Killed a boulder beetle
 21736 | D:13     | Noticed a centaur warrior
 21747 | D:13     | Killed a centaur warrior
 21748 | D:13     | Reached XP level 13. HP: 100/105 MP: 18/25
 21935 | D:10     | Bought a book of Power for 495 gold pieces
 22229 | D:13     | Reached skill level 10 in Earth Magic
 22626 | D:13     | Reached skill level 10 in Staves
 22799 | D:14     | Gained mutation: You have a pair of small horns on your
                  | head. [potion of mutation]
 22799 | D:14     | Gained mutation: Your flesh is cold resistant. (rC+)
                  | [potion of mutation]
 23237 | D:14     | Reached ***** piety under Vehumet
 23240 | D:14     | Offered knowledge of Ozocubu's Refrigeration by Vehumet.
 23241 | D:14     | Found a roughly hewn altar of Beogh.
 23982 | D:15     | Entered Level 15 of the Dungeon
 24106 | D:15     | Noticed Rupert
 24110 | D:15     | Reached skill level 11 in Earth Magic
 24117 | D:15     | Found a staircase to the Depths.
 24118 | D:15     | Noticed a fire dragon
 24120 | D:15     | HP: 3/105 [fire dragon (15)]
 24120 | D:15     | Noticed a fire dragon
 24168 | D:15     | HP: 4/105 [purple ugly thing (7)]
 24176 | D:15     | Shot with an arrow by a centaur

Illustrated notes

Levels and vault maps discovered:
D:1:      minmay_arrival_wavy_path, layout_loops_ring
D:2:      cheibrodos_pilgrimage, layout_basic, lemuel_another_geyser,
          uniq_crazy_yiuf_cottage
D:3:      layout_rooms
D:4:      layout_loops_ring, general_overflow_altar
D:5:      layout_loops_ring, xom_confusion_cloud,
          minmay_temple_entry_statues_pillars, minmay_misc_feat_columns,
          minmay_misc_feat_nine_boxes, uniq_menkaure, uniq_edmund
D:6:      layout_loops_cross, eat_drink_and_be_merry_uskayaw,
          nzn_hepliaklqana_mist_gate, uniq_duvessa, uniq_eustachio
D:7:      layout_basic, serial_shops, shop, uniq_prince_ribbit1
D:8:      layout_gridville, cheibrodos_ashenzari_chains, old_standard_altar,
          uniq_psyche
D:9:      layout_basic, kennysheep_mini_moat, grunt_lair_entry_orc_guard_hut,
          uniq_joseph, uniq_harold
D:10:     minmay_inner_zag, layout_loops_ring, minmay_orc_entry_guard_dogs,
          serial_shops, kennysheep_little_box, uniq_sonja
D:11:     layout_long_grid
D:12:     layout_layer_cave, nicolae_trove_entry_diagonal, lemuel_nasty_fountain
D:13:     layout_cave_pods, serial_park, serial_park_tiny_2, serial_park_square1
          [serial_park_minivault_5x5_3], serial_park_paths
          [serial_park_minivault_5x5_7], serial_park_square3
          [serial_park_minivault_5x5_5], serial_shops, shop,
          elves_outpost_lemuel, uniq_josephine, uniq_urug, uniq_maurice
D:14:     layout_basic, erik_vaults_2, special_room [special_room_orc]
D:15:     grunt_enter_depths_hoard, layout_loops_ring, amethyst_killhole,
          uniq_rupert
Temple:   regret_index_temple_waves

Skill      XL: |  1  2  3  4  5  6  7  8  9 10 11 12 13 |
---------------+----------------------------------------+-----
Stealth        | 2 3 4 5 |  5.3
Dodging        | 2 3 4 5 6 |  6.2
Fighting       | 1 2 3 4 5 7 |  7.0
Translocations | 1 2 3 4 6 |  6.0
Spellcasting   | 3 4 5 6 8 |  8.1
Conjurations   | 5 6 7 8 10 | 10.2
Staves         | 1 3 4 5 7 8 9 10 | 10.9
Earth Magic    | 3 4 6 9 11 | 11.0
Throwing       | 1 |  1.0
Evocations     | 2 |  2.0

Action                   |  1- 3 |  4- 6 |  7- 9 | 10-12 | 13-15 || total
-------------------------+-------+-------+-------+-------+-------++-------
Melee: Unarmed           |    50 |    27 |       |    13 |       ||    90
       Tailslap          |     2 |     2 |    13 |    23 |       ||    40
       Quarterstaff      |       |    51 |   119 |   142 |       ||   312
       Staff             |       |       |       |   166 |    28 ||   194
       Headbutt          |       |       |       |       |     1 ||     1
Throw: Dart              |       |       |       |     6 |    19 ||    25
 Cast: Magic Dart        |    40 |    38 |    26 |    38 |     8 ||   150
       Searing Ray       |    15 |    31 |    53 |   100 |    20 ||   219
       Iskenderun's Myst |       |    10 |    20 |   119 |    43 ||   192
       Stone Arrow       |       |       |       |     8 |    21 ||    29
       Apportation       |       |       |       |       |     1 ||     1
Evoke: Wand              |       |       |       |     3 |       ||     3
  Use: Scroll            |     3 |     4 |     3 |    11 |    11 ||    32
       Potion            |     3 |     1 |       |    10 |     5 ||    19
 Stab: Sleeping          |       |       |     3 |     4 |     1 ||     8
       Paralysed         |       |       |     1 |       |       ||     1
       Distracted        |       |       |       |       |     1 ||     1
Armor: Skin              |    16 |    46 |    58 |   150 |    39 ||   309
Dodge: Dodged            |    39 |    91 |   113 |   329 |    38 ||   610
